 Dungeon Crawl Stone Soup version 0.25-a0-869-g05d4e06a41 (webtiles) character file.

Game seed: 18098422764904336878, levelgen mode: deterministic

55 Maedhros the Poker (level 3, 0/39 HPs)
             Began as an Octopode Chaos Knight on May 1, 2020.
             Was a Plaything of Xom.
             Slain by an unseen horror (shapeshifter) (4 damage)
             ... on level 2 of the Dungeon.
             The game lasted 00:00:56 (1935 turns).

Maedhros the Poker (Octopode Chaos Knight)          Turns: 1935, Time: 00:00:57

Health: 0/39       AC: 21    Str: 11    XL:     3   Next: 93%
Magic:  3/3        EV:  2    Int: 14    God:    Xom [....*.]
Gold:   37         SH:  0    Dex: 12    Spells: 2/2 levels left

rFire    . . .     SeeInvis .   a - +0 spear (chaos)
rCold    . . .     Gourm    .   (no shield)
rNeg     + + +     Faith    .   (helmet currently unavailable)
rPois    +         Spirit   .   (no amulet)
rElec    .         Reflect  .   (no ring)
rCorr    .         Harm     .   (no ring)
MR       .....     NoTele   +   (no ring)
Stlth    +.........             (no ring)
HPRegen  0.13/turn              (no ring)
MPRegen  0.08/turn              (no ring)
                                (no ring)
                                (no ring)

@: brilliant, tree-form
A: almost no armour, stealthy swim, (amphibious), 8 rings, (constrict 8)
a: Renounce Religion


You were on level 2 of the Dungeon.
You worshipped Xom.
You were a beloved toy of Xom.
You were near starving.
You were a tree.
You visited 1 branch of the dungeon, and saw 2 of its levels.

You collected 37 gold pieces.

Inventory:

Hand Weapons
 a - a +0 spear of chaos (weapon)
Jewellery
 d - an uncursed ring of resist corrosion {unknown}
Scrolls
 c - a scroll of blinking {unknown}
 e - a scroll of remove curse {unknown}
 f - a scroll of enchant armour {unknown}
 h - 2 scrolls of identify {unknown}
Potions
 g - a potion of brilliance
Comestibles
 b - 2 rations


   Skills:
 - Level 3.0 Fighting
 + Level 4.7 Polearms
 - Level 2.3 Dodging


You had 2 spell levels left.
You didn't know any spells.
Your spell library was empty.

Dungeon Overview and Level Annotations

Branches:
Dungeon (2/15)

Altars:


Innate Abilities, Weirdness & Mutations

You cannot wear most types of armour.
You are very stealthy in the water. (Stealth+)
((You are amphibious.))
You can wear up to eight rings at the same time.
((You can use your tentacles to constrict eight enemies at once.))
((Your skin changes colour to match your surroundings (Stealth+).))
((Your rubbery body absorbs attacks. (AC +1, EV +1)))


Message History

Aim: a goblin, wielding a -2 dagger (severely wounded, fast, confused)
You catch the helpless goblin completely off-guard!
You hit the goblin. You freeze the goblin.
You kill the goblin!
Something hits you.
* * * LOW HITPOINT WARNING * * *
Attack whom?
Press: ? - help, Dir - move target cursor You hit something.
You burn something. Something hits you but does no damage.
You cannot move.
You cannot move.
You cannot move.
You cannot move.
You swing at nothing.
Something hits you but does no damage.
You swing at nothing.
Something hits you but does no damage.
You swing at nothing.
Something hits you but does no damage.
You hit something but do no damage.
Space bends around something.
Something hits you but does no damage. Something hits you.
You die... "Huh?
Did I miss anything?"

###.# #....
#### #....
#.. #.... #.#
#.... #.#
#....########
#.#
+....).......
... #...)♣#
##.#. #.....#
..s....
#......
#......
###.#.##
###.... ..#.#
..... ####.#
#### .....
... ...#.....
.#. #.......
#.......


There were no monsters in sight!

Vanquished Creatures
  Jessica (D:2)
  An adder (D:2)
  A worm (D:2)
  A dart slug (D:1)
  A leopard gecko (D:1)
  2 giant cockroaches
  A quokka (D:2)
  2 bats
  4 goblins
  A kobold (D:1)
  A rat (D:1)
16 creatures vanquished.

Notes
Turn   | Place    | Note
-------+----------+-------------------------------------------
     0 | D:1      | Maedhros the Octopode Chaos Knight began the quest for the
                  | Orb.
     0 | D:1      | Reached XP level 1. HP: 16/16 MP: 1/1
   113 | D:1      | XOM: cloud trail
   224 | D:1      | Reached XP level 2. HP: 17/21 MP: 2/2
   978 | D:1      | XOM: noise
  1645 | D:2      | XOM: potion effect (brilliance)
  1735 | D:2      | Noticed Jessica
  1746 | D:2      | Killed Jessica
  1746 | D:2      | Reached skill level 4 in Polearms
  1746 | D:2      | Reached XP level 3. HP: 20/26 MP: 3/3
  1912 | D:2      | XOM: 8-stop teleportation journey
  1920 | D:2      | HP: 1/26 [bat (1)]
  1922 | D:2      | XOM: confuse monster(s)
  1925 | D:2      | Noticed a shapeshifter
  1925 | D:2      | a bat changed into a shapeshifter
  1926 | D:2      | a shapeshifter changed into something unseen
  1935 | D:2      | Slain by an unseen horror (shapeshifter)

Levels and vault maps discovered:
D:1:      lightli_arrival_flooded_house, layout_loops_corners
D:2:      layout_basic, hex_tiny, minivault_5, uniq_jessica

Skill      XL: |  1  2 |
---------------+-------+-----
Polearms       | 4 |  4.7
Fighting       | |  3.0
Dodging        | |  2.3

Action                   || total
-------------------------++-------
Melee: Spear             ||    57
       Constrict         ||     8
       Tentacles         ||     3
  Use: Potion            ||     2
 Stab: Confused          ||     1
       Sleeping          ||     1
  Eat: Chunk             ||     1
Armor: Skin              ||    15
Dodge: Dodged            ||    30

Table legend:
 A = Non-vault XP
 B = Vault XP
 C = Vault XP percentage of total XP
 D = Non-vault monster count
 E = Vault monster count
 F = Vault count percentage of total count
                 A         B        C        D         E       F
            +---------+---------+-------+---------+---------+-------
      Total |      42 |      37 |  46.8 |      15 |       1 |   6.2
            +---------+---------+-------+---------+---------+-------
        D:1 |      15 |       0 |   0.0 |       8 |       0 |   0.0
        D:2 |      27 |      37 |  57.8 |       7 |       1 |  12.5
            +---------+---------+-------+---------+---------+-------
